 Dungeon Crawl Stone Soup version 0.30-a0-374-g95c0257040 (webtiles) character file.

Game seed: 5855561099395796529

33 funkygono the Firebug (level 3, 0/24 HPs)
             Began as a Demonspawn Fire Elementalist on Nov 26, 2022.
             Succumbed to Robin's poison
             ... on level 2 of the Dungeon.
             The game lasted 00:02:29 (1339 turns).

funkygono the Firebug (DsFE)                        Turns: 1339, Time: 00:02:30

Health: 0/24       AC:  4    Str:  8    XL:     3   Next: 12%
Magic:  1/6        EV: 12    Int: 18    God:
Gold:   110        SH:  0    Dex: 13    Spells: 4/7 levels left

rFire   . . .      SeeInvis .    d - +0 whip
rCold   . . .      Faith    .    (no shield)
rNeg    . . .      Spirit   .    a - +0 robe
rPois   .          Reflect  .    (no helmet)
rElec   .          Harm     .    (no cloak)
rCorr   .          Rampage  .    (no gloves)
Will    .....                    h - +0 pair of boots
Stlth   ++........               (no amulet)
HPRegen 0.24/turn                (no ring)
MPRegen 0.10/turn                (no ring)

@: lethally poisoned (0 -> -6)
A: rugged brown scales 1, ignite blood 1
a: no special abilities


You were on level 2 of the Dungeon.
You visited 1 branch of the dungeon, and saw 2 of its levels.

You collected 110 gold pieces.

Inventory:

Hand Weapons
 d - a +0 whip (weapon)
Armour
 a - a +0 robe (worn)
 h - a +0 pair of boots (worn)
Jewellery
 i - a ring of magical power
 j - a ring of protection from fire
Scrolls
 c - a scroll of identify
 f - a scroll of magic mapping
Potions
 b - a potion of magic
 e - a potion of curing {unknown}
 g - a potion of attraction


   Skills:
 + Level 2.0 Dodging
 - Level 1.7 Stealth
 + Level 2.6 Spellcasting
 + Level 1.1 Conjurations
 + Level 3.2 Fire Magic


You had 4 spell levels left.
You knew the following spells:

 Your Spells              Type           Power      Damage    Failure   Level
a - Foxfire               Conj/Fire      40%        2x1d6     7%          1
b - Scorch                Fire           28%        2d6       7%          2

Your spell library contained the following spells:

 Spells                   Type           Power      Damage    Failure   Level
 Inner Flame              Hex/Fire       8%         N/A       26%         3
 Kindle Blastsparks       Fire/Tloc/Air  12%        2d11      32%         3
 Flame Wave               Conj/Fire      10%        2d6       56%         4


Dungeon Overview and Level Annotations

Branches:
Dungeon (2/15)

Altars:

Annotations:
D:2 Robin


Innate Abilities, Weirdness & Mutations

You are partially covered in rugged brown scales. (AC +1, +3% HP)
Your demonic aura sometimes causes spilled blood to erupt in flames.


Message History

The goblin is moderately wounded.
The ball python bites you. The ball python grabs you.
The ball python constricts you. The goblin closely misses you.
A goblin comes into view. It is wielding a +0 dagger.
The goblin shouts!
You hit the goblin.
The goblin is severely wounded.
The ball python barely misses you. The ball python constricts you.
The goblin hits you but does no damage.
Robin's bangles clink loudly.
You barely miss the goblin.
The goblin is severely wounded.
The ball python bites you. The ball python constricts you.
The goblin closely misses you. Robin hits you but does no damage.
The ball python bites you but does no damage.
The ball python constricts you.
You hit the goblin.
You kill the goblin!
Robin hits you with a +0 short sword of venom.
You are poisoned.
The ball python barely misses you. The ball python constricts you.
You escape the ball python's grasp.
You feel sick.
You see here a +0 club.
You feel sick.
You feel sick. Robin attacks as you move away!
Robin hits you but does no damage.
You are lethally poisoned!
You feel very sick. Robin attacks as you move away!
Robin hits you with a +0 short sword of venom.
* * * LOW HITPOINT WARNING * * *
x2 You feel very sick.
* * * LOW HITPOINT WARNING * * *
You feel sick.
Casting: Foxfire (safe; 7% risk of failure)
Confirm with . or Enter, or press ? or * to list all spells.
You conjure some foxfire!
You die...

...##..#..##.# #g..#
##...........# ###g..###
#####.#.###.# #.g.....#
#.#.###.# #g#g..#.#
#.......# #S#...#.###
###.##### #g#.......#
###.#### #°#####.#.##
##.##......# #.#####....#
........##.####@v........#
##.##.##........v.####...#
# #.##.#.############.##
#.##.#.# #......######
#......# #.####......#
####.### ######.# ##...##
#.# #..#..# ####.###
##.###.### #.......


You could see Robin (ally target), 2 goblins and a ball python.

Vanquished Creatures
  3 ball pythons (D:1)
  5 endoplasms (D:1)
  6 goblins
  3 hobgoblins
  3 kobolds
  2 quokkas
  2 bats (D:1)
  2 frilled lizards (D:1)
  A rat (D:1)
27 creatures vanquished.

Vanquished Creatures (others)
  67 foxfires
  2 fungi (D:2)
69 creatures vanquished.

Grand Total: 96 creatures vanquished

Notes
Turn   | Place    | Note
-------+----------+-------------------------------------------
     0 | D:1      | funkygono the Demonspawn Fire Elementalist began the quest
                  | for the Orb.
     0 | D:1      | Reached XP level 1. HP: 13/13 MP: 3/3
   271 | D:1      | Reached skill level 3 in Fire Magic
   271 | D:1      | Gained mutation: You are partially covered in rugged brown
                  | scales. (AC +1, +3% HP) [demonic ancestry]
   271 | D:1      | Reached XP level 2. HP: 13/19 MP: 1/5
   382 | D:1      | Learned a level 2 spell: Scorch
  1321 | D:2      | Noticed Robin
  1323 | D:2      | Gained mutation: Your demonic aura sometimes causes spilled
                  | blood to erupt in flames. [demonic ancestry]
  1323 | D:2      | Reached XP level 3. HP: 21/24 MP: 1/6
  1338 | D:2      | HP: 1/24 [poisoned by Robin]
  1339 | D:2      | Succumbed to Robin's poison

Illustrated notes

Levels and vault maps discovered:
D:1:      mainiacjoe_arrival_reflecting_pool, layout_loops_ring,
          chequers_serial_rivers_small_a, minmay_misc_feat_hallway,
          minmay_misc_feat_nine_boxes
D:2:      layout_loops_cross, uniq_robin, uniq_crazy_yiuf_cottage, uniq_sigmund

Skill      XL: |  1  2 |
---------------+-------+-----
Fire Magic     | 3 |  3.2
Dodging        | 2 |  2.0
Stealth        | |  1.7
Spellcasting   | |  2.6
Conjurations   | |  1.1

Action                   || total
-------------------------++-------
Melee: Whip              ||    15
 Cast: Foxfire           ||    41
  Use: Scroll            ||     3
Armor: Robe              ||     9
Dodge: Dodged            ||    22

Table legend: (Time is in decaauts)
 A = Elapsed time spent in this place.
 B = Non-inter-level travel time spent in this place.
 C = Inter-level travel time spent in this place.
 D = Time resting spent in this place.
 E = Time spent auto-exploring this place.
 F = Levels seen in this place.
 G = Mean time per level.
                   A        B        C        D        E       F      G
               +--------+--------+--------+--------+--------+-----+--------+
         Total |   1342 |   1302 |     40 |      0 |   1097 |   2 |  671.0 |
       Dungeon |   1342 |   1302 |     40 |      0 |   1097 |   2 |  671.0 |
               +--------+--------+--------+--------+--------+-----+--------+

Top non-repeatable levels by time:
     D:1: 1159 daAuts
     D:2: 182 daAuts
